Map: Blackpink LE

Players

SamuraiFunn

  • Race: Protoss Protoss
  • Spawn Location: 7:00

A.I. 1 (Elite) - Winner!

  • Race: Protoss Protoss
  • Spawn Location: 1:00

VOD

Have the link to the VOD?

Description

Time

  • Played on: Nov. 24, 2017, 1:43 p.m.
  • Length: 10:37
Show
View Real Time Build Order
Export as new Build Order

SamuraiFunn Protoss 

Build Orders: Dark Templar Rush 

Get SALT Encoding   

  12  0:01  Probe  
  13  0:13  Probe  
  14  0:21  Pylon  
  14  0:26  Probe  
  15  0:39  Probe  
  16  0:46  Gateway  
  16  0:57  Probe, Assimilator  
  17  1:09  Probe  
  18  1:16  Assimilator  
  18  1:21  Probe  
  19  1:37  Cybernetics Core  
  19  1:42  Probe  
  19  1:45  Zealot  
  22  1:47  Pylon  
  22  1:54  Probe  
  23  2:03  Nexus  
  23  2:19  Twilight Council  
  23  2:28  Probe  
  23  2:29  Assimilator  
  24  2:33  Warp Gate (Chrono Boost)  
  24  2:42  Probe  
  25  2:54  Probe  
  26  3:02  Dark Shrine  
  26  3:07  Probe  
  27  3:23  Probe x2  
  29  3:35  Probe x2  
  29  3:37  Gateway  
  29  3:39  Gateway  
  31  3:47  Probe  
  31  3:48  Probe  
  32  3:53  Gateway  
  32  4:07  Probe x2  
  34  4:20  Probe x2, Assimilator  
  36  4:31  Pylon, Shadow Stride (Chrono Boost)  
  36  4:41  Probe x2  
  38  4:49  Dark Templar  
  40  4:57  Dark Templar x2  
  44  5:14  Dark Templar  
  46  5:25  Gateway  
  40  5:39  Pylon  
  40  5:40  Probe x2  
  42  5:52  Probe  
  42  5:53  Probe  
  44  6:01  Gateway  
  44  6:03  Gateway  
  44  6:04  Probe  
  44  6:05  Probe, Dark Templar x3  
  44  6:08  Zealot  
  54  6:12  Charge (Chrono Boost)  
  54  6:34  Dark Templar  
  56  6:41  Nexus  
  56  6:42  Probe x2  
  56  6:45  Dark Templar  
  60  7:06  Dark Templar  
  62  7:16  Robotics Facility  
  62  7:17  Robotics Facility  
  62  7:19  Pylon  
  62  7:21  Pylon  
  62  7:22  Pylon  
  62  7:31  Probe x2  
  58  7:38  Dark Templar  
  58  7:39  Dark Templar  
  62  7:47  Zealot  
  62  7:48  Zealot x2  
  68  8:04  Warp Prism x2  
  70  8:48  Dark Templar x5  
  80  8:55  Dark Templar  
  80  8:59  Probe x3  
  85  9:06  Assimilator  
  85  9:09  Assimilator  
  85  9:11  Dark Templar  
  85  9:13  Pylon  
  85  9:15  Pylon  
  57  10:14  Dark Templar x3  
  57  10:15  Dark Templar x3  
Show
View Real Time Build Order
Export as new Build Order

A.I. 1 (Elite) Protoss - Winner!

Build Orders: Zealot Archon 

Get SALT Encoding   

  12  0:00  Probe  
  13  0:13  Probe  
  14  0:20  Pylon  
  14  0:25  Probe  
  15  0:38  Probe  
  16  0:49  Assimilator  
  16  0:50  Probe  
  16  0:53  Gateway  
  17  1:01  Pylon  
  17  1:02  Probe  
  18  1:14  Probe  
  19  1:26  Probe  
  20  1:38  Probe  
  21  1:41  Zealot  
  21  1:42  Cybernetics Core  
  23  1:50  Probe  
  24  2:02  Probe  
  24  2:03  Nexus  
  25  2:14  Probe  
  26  2:21  Warp Gate  
  26  2:22  Stalker  
  28  2:27  Probe  
  29  2:35  Pylon  
  29  2:39  Probe  
  30  2:45  Gateway  
  30  2:49  Assimilator  
  30  2:51  Probe  
  31  2:57  Adept  
  33  3:03  Probe  
  34  3:06  Pylon  
  34  3:15  Probe x2  
  36  3:23  Robotics Facility  
  36  3:34  Forge  
  36  3:51  Adept  
  36  3:53  Probe  
  40  3:55  Probe  
  40  4:00  Adept  
  42  4:05  Probe  
  42  4:07  Probe  
  42  4:09  Photon Cannon  
  44  4:11  Observer  
  44  4:12  Photon Cannon  
  45  4:17  Probe  
  45  4:18  Adept  
  45  4:19  Probe  
  49  4:29  Probe  
  50  4:32  Probe  
  50  4:35  Adept  
  53  4:41  Probe  
  53  4:44  Probe  
  55  4:46  Robotics Bay  
  55  4:49  Pylon  
  55  4:52  Adept  
  57  4:53  Probe  
  57  4:56  Probe  
  59  5:00  Robotics Facility  
  59  5:05  Probe  
  59  5:06  Pylon  
  60  5:08  Stalker  
  60  5:13  Stalker  
  64  5:17  Probe  
  64  5:19  Probe  
  65  5:21  Pylon  
  58  5:29  Probe  
  58  5:31  Probe  
  60  5:41  Probe  
  61  5:43  Probe  
  61  5:45  Sentry, Stalker  
  61  5:48  Twilight Council  
  66  5:53  Probe  
  66  5:55  Probe  
  68  6:04  Assimilator  
  68  6:05  Probe  
  68  6:06  Assimilator  
  68  6:07  Probe  
  68  6:08  Zealot  
  72  6:13  Pylon  
  72  6:17  Probe  
  73  6:20  Gateway  
  73  6:25  Zealot  
  75  6:27  Probe  
  75  6:29  Probe, Templar Archives  
  77  6:39  Probe  
  78  6:41  Probe  
  78  6:42  Forge  
  78  6:46  Pylon  
  79  6:49  Nexus  
  79  6:51  Probe  
  80  6:55  Stalker  
  80  6:59  Stalker  
  84  7:14  Stalker  
  86  7:17  Pylon  
  86  7:18  High Templar  
  86  7:22  High Templar  
  90  7:28  Pylon, Archon  
  89  7:37  High Templar  
  89  7:41  Gateway  
  91  7:48  Photon Cannon  
  91  7:50  High Templar, Pylon  
  93  7:55  Zealot  
  93  7:56  Protoss Ground Weapons Level 1  
  95  8:02  Probe x3  
  98  8:06  Archon  
  98  8:09  Zealot  
  100  8:13  Assimilator  
  100  8:14  Probe x2  
  100  8:15  Sentry, Probe  
  100  8:19  Pylon  
  105  8:20  Assimilator  
  105  8:22  High Templar  
  105  8:26  Probe x2  
  109  8:27  Probe  
  109  8:28  Photon Cannon  
  109  8:29  Stalker  
  100  8:35  Zealot  
  100  8:36  Protoss Ground Armor Level 1  
  100  8:38  Probe x2, Zealot  
  100  8:39  Probe  
  107  8:50  Probe x2  
  107  8:51  Immortal  
  107  8:52  Zealot  
  107  8:53  Probe  
  107  8:55  Stalker  
  118  8:56  High Templar  
  118  9:01  Archon  
  118  9:02  Probe  
  121  9:03  High Templar, Probe  
  121  9:05  Probe  
  125  9:12  High Templar  
  125  9:14  Probe  
  125  9:15  Probe  
  129  9:17  Probe  
  129  9:18  Stalker  
  129  9:20  Pylon  
  132  9:26  Probe  
  132  9:28  Probe  
  132  9:29  Probe  
  135  9:33  Stalker  
  135  9:37  Stalker  
  139  9:38  Probe  
  139  9:41  Probe, Pylon  
  139  9:42  Probe  
  141  9:50  Zealot  
  141  9:51  Probe  
  143  9:53  Probe, Zealot  
  143  9:55  Probe  
  147  10:03  Probe  
  147  10:05  Probe  
  147  10:07  Probe, Pylon  
  143  10:15  Probe  
  143  10:17  Sentry, Probe  
  143  10:19  Probe  
Tags
 
Composition
Zealot Archon
Matchup
PvP
Replay Pack
First 100 games
Spawn Locations
Cross Positions
Add a new tag
Caveats
  • Supply blocks, unpowered buildings, or Contaminate may cause inaccurate times.
  • Supply counts are checked every 10 seconds.